 Dungeon Crawl Stone Soup version 0.30-a0-170-g85af917532 (webtiles) character file.

Game seed: 5062039685484461404

67757 qw the Severer (level 15, -3/96 HPs)
             Began as a Gargoyle Fighter on Oct 1, 2022.
             Was a High Priest of Okawaru.
             Slain by a death knight
             ... wielding a +0 morningstar
              (10 damage)
             ... on level 14 of the Dungeon.
             The game lasted 00:08:05 (22381 turns).

qw the Severer (Gargoyle Fighter)                  Turns: 22381, Time: 00:08:06

Health: -3/96      AC: 34    Str: 26 (27) XL:     15   Next: 24%
Magic:  22/22      EV: 13    Int:  7      God:    Okawaru [*****.]
Gold:   1929       SH:  8    Dex:  8 (9)  Spells: 14/14 levels left

rFire   . . .      SeeInvis +    a - +9 broad axe of Painful Death {freeze, Contam rN+ Will+}
rCold   . . .      Faith    .    x - +2 buckler
rNeg    + + .      Spirit   .    p - +1 plate armour {Will+}
rPois   inf        Reflect  .    (no helmet)
rElec   +          Harm     .    y - scarf {repulsion}
rCorr   .          Rampage  .    b - +2 pair of gloves
Will    +++..                    c - +0 pair of boots
Stlth   ..........               (no amulet)
HPRegen 0.26/turn                q - +4 ring of evasion
MPRegen 0.18/turn                r - ring of see invisible

@: about to teleport, heroic, flying, repel missiles
A: sickness immunity, AC +11, big wings, negative energy resistance 1,
electricity resistance, torment resistance 1, petrification resistance,
deterioration 1, dopey 1, subdued magic 1
a: Renounce Religion, Heroism, Finesse, Duel


You were on level 14 of the Dungeon.
You worshipped Okawaru.
Okawaru was extremely pleased with you.
You visited 3 branches of the dungeon, and saw 20 of its levels.

You collected 1929 gold pieces.


Innate Abilities, Weirdness & Mutations

You are immune to sickness and miasma.
Your stone body is resilient. (AC +11)
You are immune to poison.
Your large and strong wings let you fly.
You resist negative energy. (rN+)
You are resistant to electric shocks. (rElec)
You are resistant to unholy torment.
You are immune to petrification.
Your body sometimes deteriorates upon taking damage.
You are dopey. (Int -2)
Your spells are a little easier to cast, but a little less powerful.


   Skills:
 - Level 12.0(17.0) Fighting
 + Level 16.4(21.4) Axes
 - Level 7.0(12.0) Throwing
 - Level 11.0(16.0) Armour
 - Level 3.0(8.0) Dodging
 - Level 8.0(13.0) Shields
 - Level 10.0 Invocations


You had 14 spell levels left.
You didn't know any spells.
Your spell library was empty.

Inventory:

Hand Weapons
 a - the +9 broad axe of Painful Death (weapon) {freeze, Contam rN+ Will+}
   (Okawaru gifted it to you on level 10 of the Dungeon)

   It freezes those it strikes, dealing additional cold damage.
   It can also slow down cold-blooded creatures.
   rN:        It protects you from negative energy.
   Contam:    It causes magical contamination when unequipped.
   Will:      It increases your willpower.
 s - a -1 demon whip of venom
Missiles
 l - a boomerang
 A - 5 silver javelins (quivered)
 D - a javelin
Armour
 b - a +2 pair of gloves (worn)
 c - a +0 pair of boots (worn)
 p - a +1 plate armour of willpower (worn)
 v - a +0 cloak
 x - a +2 buckler (worn)
 y - a scarf of repulsion (worn)
Jewellery
 e - a +6 ring of dexterity
 g - a ring of protection from fire
 q - a +4 ring of evasion (left hand)
 r - a ring of see invisible (right hand)
 u - a ring of ice
 z - a ring of resist corrosion
 B - a ring of resist corrosion
Wands
 t - a wand of digging (11)
Scrolls
 j - 17 scrolls of identify
 o - 3 scrolls of teleportation
 w - 2 scrolls of enchant weapon
Potions
 d - 2 potions of might
 f - 4 potions of haste
 h - 4 potions of heal wounds
 i - 2 potions of mutation
 k - 4 potions of attraction
 m - a potion of resistance
 n - 8 potions of curing

Dungeon Overview and Level Annotations

Branches:
Dungeon (14/15)            Temple (1/1) D:4            Lair (5/5) D:11
 Shoals (0/4) Lair:2        Snake (0/4) Lair:3        Slime (0/5) Lair:4
    Orc (0/2) D:10         Vaults (0/5) D:14

Altars:
Ashenzari
Cheibriados
Dithmenos
Elyvilon
Fedhas
Gozag
Hepliaklqana
Kikubaaqudgha
Makhleb
Nemelex Xobeh
Okawaru
Qazlal
Ru
Sif Muna
Trog
Uskayaw
Vehumet
Wu Jian
Xom
Yredelemnul
Zin
The Shining One
Jiyva

Annotations:
D:3 1 runed translucent door, Crazy Yiuf
D:8 2 transporters, qw's ghost, novice GrFi
D:10 3 runed translucent doors, Arctirus's ghost, journeyman OpHW


Message History

You slice the vault guard!! You freeze the vault guard.
You hit the vault guard. You freeze the vault guard.
The vault guard is almost dead.
You slice the slime creature!! You freeze the slime creature.
You block the slime creature's attack. The vault guard barely misses you.
The vault guard hits you but does no damage.
You slice the vault guard!! You freeze the vault guard.
You kill the vault guard!
Okawaru accepts your kill.
You hit the slime creature. You freeze the slime creature.
The slime creature hits you but does no damage.
You block the vault guard's attack.
The death knight offers itself to Yredelemnul, and fills with unholy energy.
You slash the slime creature! You freeze the slime creature.
You kill the slime creature!
Okawaru accepts your kill.
The vault guard hits you from afar with a +0 glaive.
You hit the death knight. You freeze the death knight.
The death knight is lightly wounded.
The death knight reflects your damage back at you!
You slice the death knight!! You freeze the death knight.
The death knight is moderately wounded.
The death knight reflects your damage back at you!
The vault guard hits you from afar with a +0 glaive.
The manticore flicks its tail.
The volley of spikes hits you but does no damage.
You slice the death knight!! You freeze the death knight.
The death knight is heavily wounded.
The death knight reflects your damage back at you!
Your body deteriorates!
You feel clumsy.
The death knight hits you with a +0 morningstar.
The manticore flicks its tail.
The volley of spikes misses you.
The vault guard hits you from afar with a +0 glaive!
22381 ||| READING 4 scrolls of teleportation.
As you read the scroll of teleportation, it crumbles to dust.
You feel strangely unstable.
The vault guard hits you from afar with a +0 glaive!
The death knight hits you with a +0 morningstar!
You die...

. .#.#.. #.#.#...#
# ##.......# ...
##........# #...#
##.........#
......#p.........#
..\..p'@)........#
.....H#).........##
#...# ##.......().#
... ##....##...###
# ##.#........####
#.#............
#...........####
#...###..<.......
....# #....####.#


You could see a death knight (reflects damage), a vault guard and a manticore.

Vanquished Creatures
  Gastronok (Lair:3)
  Fannar (Lair:2)
  Josephine (D:10)
  3 vault guards (D:14)
  Erica (Lair:2)
  2 catoblepae
  3 hydras (Lair:5)
  2 centaur warriors
  3 two-headed ogres
  2 boulder beetles
  9 death yaks
  Urug (Lair:3)
  Amaemon (Lair:1)
  4 skeletal warriors (D:13)
  An orc knight (D:13)
  2 deep elf pyromancers
  5 ugly things
  3 oklob plants (Lair:4)
  A manticore (D:12)
  An orc sorcerer (D:13)
  4 cyclopes
  3 black mambas
  21 elephants
  A gargoyle (D:11)
  An orange demon (Lair:1)
  8 cane toads
  An unseen horror (D:13)
  A kobold demonologist (D:12)
  4 rime drakes
  7 komodo dragons
  6 polar bears
  5 trolls
  A queen bee (D:11)
  7 hornets
  2 dream sheep (Lair:5)
  3 blink frogs (Lair:4)
  13 slime creatures
  A snapping turtle (Lair:2)
  2 shadows
  4 wraiths
  16 spriggans
  A vampire (D:11)
  19 yaks
  5 wyverns
  A steam dragon (D:7)
  5 vampire mosquitoes (D:13)
  4 basilisks
  A naga (Lair:3)
  2 acid dragons (D:11)
  12 water moccasins
  8 orc warriors
  An ice beast (D:7)
  9 black bears
  An ogre (D:5)
  36 wolves
  3 boggarts (Lair:5)
  3 centaurs
  3 kobold brigands
  10 bullfrogs
  2 necrophages
  2 scorpions
  13 wights
  21 killer bees
  2 howler monkeys
  2 electric eels
  2 hounds
  A centaur zombie (D:9)
  2 gnoll boudas
  3 jellies
  9 orc priests
  Jessica (D:3)
  2 iguanas
  10 orc wizards
  A howler monkey zombie (D:9)
  9 gnolls
  5 adders
  4 white imps
  An ufetubus (D:4)
  3 worms
  2 dart slugs
  30 orcs
  3 bats
  5 endoplasms
  2 giant cockroaches
  6 goblins
  8 hobgoblins
  6 jackals
  10 quokkas
  6 ball pythons
  5 frilled lizards
  22 kobolds
  4 rats
  A butterfly (Lair:2)
487 creatures vanquished.

Vanquished Creatures (others)
  54 fungi
  94 plants
148 creatures vanquished.

Grand Total: 635 creatures vanquished

Notes
Turn   | Place    | Note
-------+----------+-------------------------------------------
     0 | D:1      | qw the Gargoyle Fighter began the quest for the Orb.
     0 | D:1      | Reached XP level 1. HP: 14/14 MP: 1/1
     0 | D:1      | 0 ||| qw: Version: 0.2-a-13-gfc7b4b4
     0 | D:1      | 0 ||| qw: Game counter: 1712
     0 | D:1      | 0 ||| qw: Always use a shield: true
     0 | D:1      | 0 ||| qw: God list: Okawaru
     0 | D:1      | 0 ||| qw: Allow faded altars: false
     0 | D:1      | 0 ||| qw: Do Orc after D:15 true
     0 | D:1      | 0 ||| qw: Do second Lair branch before Depths: true
     0 | D:1      | 0 ||| qw: Lair rune preference: random
     0 | D:1      | 0 ||| qw: Plans: Normal, Zot:1-4, God:TSO, Crypt, Tomb,
                  | Pan, Slime:5, Hells, Abyss, Orb
     0 | D:1      | 0 ||| PLANNING D:1-11
    34 | D:1      | 34 ||| Stepping ~*~*~tactically~*~*~ (stealth).
    56 | D:1      | Reached skill level 2 in Axes
   190 | D:1      | Reached XP level 2. HP: 8/19 MP: 2/2
   529 | D:1      | 529 ||| READING scroll labelled ZUER RINAPN.
   931 | D:1      | Found a faded altar of an unknown god.
  1159 | D:2      | 1159 ||| Stepping ~*~*~tactically~*~*~ (hiding).
  1168 | D:2      | Reached skill level 3 in Axes
  1173 | D:2      | 1173 ||| Stepping ~*~*~tactically~*~*~ (stealth).
  1179 | D:2      | 1179 ||| Stepping ~*~*~tactically~*~*~ (stealth).
  1185 | D:2      | Reached XP level 3. HP: 20/23 MP: 3/3
  1341 | D:2      | 1341 ||| Stepping ~*~*~tactically~*~*~ (stealth).
  1502 | D:2      | 1502 ||| Stepping ~*~*~tactically~*~*~ (stealth).
  1504 | D:2      | 1504 ||| Stepping ~*~*~tactically~*~*~ (stealth).
  1505 | D:2      | 1505 ||| Stepping ~*~*~tactically~*~*~ (stealth).
  1513 | D:2      | 1513 ||| Stepping ~*~*~tactically~*~*~ (stealth).
  1514 | D:2      | 1514 ||| Stepping ~*~*~tactically~*~*~ (stealth).
  1553 | D:2      | 1553 ||| Stepping ~*~*~tactically~*~*~ (stealth).
  1554 | D:2      | 1554 ||| Stepping ~*~*~tactically~*~*~ (stealth).
  1557 | D:2      | Reached XP level 4. HP: 24/28 MP: 4/4
  1713 | D:2      | 1713 ||| DROPPING +0 club.
  1841 | D:2      | 1841 ||| DROPPING amulet of faith.
  1842 | D:2      | 1842 ||| UPGRADING to +6 ring of dexterity.
  1843 | D:2      | 1843 ||| READING scroll labelled ATAXUFR CUETT.
  1844 | D:2      | 1844 ||| READING 3 scrolls labelled MANI HUAXAF.
  1845 | D:2      | 1845 ||| READING 2 scrolls of enchant weapon.
  1845 | D:2      | 1845 ||| ENCHANTING +1 war axe.
  1846 | D:2      | 1846 ||| READING scroll of enchant weapon.
  1846 | D:2      | 1846 ||| ENCHANTING +2 war axe.
  1885 | D:3      | 1885 ||| STAIRDANCE
  1891 | D:3      | 1891 ||| STAIRDANCE
  1914 | D:3      | 1914 ||| STAIRDANCE
  2007 | D:3      | Reached skill level 1 in Dodging
  2115 | D:3      | Reached skill level 4 in Axes
  2129 | D:3      | Found a shadowy altar of Dithmenos.
  2185 | D:3      | Noticed Jessica
  2186 | D:3      | 2186 ||| Stepping ~*~*~tactically~*~*~ (hiding).
  2188 | D:3      | 2188 ||| Stepping ~*~*~tactically~*~*~ (hiding).
  2189 | D:3      | 2189 ||| Stepping ~*~*~tactically~*~*~ (hiding).
  2190 | D:3      | 2190 ||| Stepping ~*~*~tactically~*~*~ (hiding).
  2194 | D:3      | Killed Jessica
  2195 | D:3      | Reached XP level 5. HP: 32/32 MP: 5/5
  2409 | D:3      | Found an ancient bone altar of Kikubaaqudgha.
  2490 | D:3      | Found a radiant altar of Vehumet.
  2494 | D:3      | Reached skill level 5 in Axes
  2504 | D:3      | Found a shimmering blue altar of Sif Muna.
  2511 | D:3      | Reached XP level 6. HP: 26/38 MP: 6/6
  2753 | D:3      | Found a runed translucent door.
  2754 | D:3      | Noticed Crazy Yiuf
  2757 | D:3      | 2757 ||| UPGRADING to ring of see invisible.
  2758 | D:3      | 2758 ||| READING 2 scrolls labelled FICWIM ON SAMO.
  2759 | D:3      | 2759 ||| READING scroll labelled VUAMAE WOCOMUE.
  2860 | D:3      | 2860 ||| READING scroll labelled LUSURO YPRE.
  2902 | D:3      | 2902 ||| DRINKING 2 sedimented sapphire potions.
  2903 | D:3      | 2903 ||| DRINKING 3 fizzy white potions.
  2904 | D:3      | 2904 ||| DRINKING 2 metallic amethyst potions.
  2905 | D:3      | 2905 ||| DROPPING potion of flight.
  2994 | D:4      | 2994 ||| Stepping ~*~*~tactically~*~*~ (hiding).
  3129 | D:4      | 3129 ||| Stepping ~*~*~tactically~*~*~ (stealth).
  3130 | D:4      | 3130 ||| Stepping ~*~*~tactically~*~*~ (stealth).
  3131 | D:4      | 3131 ||| Stepping ~*~*~tactically~*~*~ (stealth).
  3172 | D:4      | Found an opulent altar of Gozag.
  3316 | D:4      | Found a staircase to the Ecumenical Temple.
  3317 | D:4      | 3317 ||| PLANNING TEMPLE
  3325 | Temple   | Entered the Ecumenical Temple
  3424 | Temple   | 3424 ||| PLANNING D:1-11
  3630 | D:4      | HP: 5/38 [orc wizard/puff of flame (5)]
  3631 | D:4      | 3631 ||| READING scroll of teleportation.
  3631 | D:4      | HP: 2/38 [orc/+0 trident (3)]
  3632 | D:4      | 3632 ||| DRINKING 2 potions of heal wounds.
  3679 | D:4      | 3679 ||| Stepping ~*~*~tactically~*~*~ (stealth).
  3680 | D:4      | 3680 ||| Stepping ~*~*~tactically~*~*~ (stealth).
  3720 | D:4      | 3720 ||| Stepping ~*~*~tactically~*~*~ (stealth).
  3731 | D:4      | 3731 ||| Stepping ~*~*~tactically~*~*~ (stealth).
  3859 | D:4      | 3859 ||| Stepping ~*~*~tactically~*~*~ (stealth).
  3922 | D:4      | 3922 ||| UPGRADING to +0 chain mail.
  3932 | D:4      | 3932 ||| DROPPING +0 scale mail.
  3933 | D:4      | 3933 ||| READING scroll labelled ASTOICS CUYSM.
  3934 | D:4      | 3934 ||| DRINKING 3 red potions.
  3935 | D:4      | 3935 ||| DROPPING 2 potions of degeneration.
  3971 | D:5      | Entered Level 5 of the Dungeon
  3974 | D:5      | 3974 ||| STAIRDANCE
  4195 | D:5      | 4195 ||| Stepping ~*~*~tactically~*~*~ (hiding).
  4201 | D:5      | 4201 ||| Stepping ~*~*~tactically~*~*~ (hiding).
  4213 | D:5      | Reached skill level 6 in Axes
  4390 | D:5      | 4390 ||| Stepping ~*~*~tactically~*~*~ (stealth).
  4402 | D:5      | Reached XP level 7. HP: 43/43 MP: 7/7
  4562 | D:5      | 4562 ||| FLEEEEING.
  4563 | D:5      | 4563 ||| FLEEEEING.
  4564 | D:5      | 4564 ||| FLEEEEING.
  4565 | D:5      | 4565 ||| FLEEEEING.
  4566 | D:5      | 4566 ||| FLEEEEING.
  4567 | D:5      | 4567 ||| FLEEEEING.
  4569 | D:5      | 4569 ||| FLEEEEING.
  4570 | D:5      | 4570 ||| FLEEEEING.
  4571 | D:5      | 4571 ||| Stepping ~*~*~tactically~*~*~ (hiding).
  4708 | D:5      | 4708 ||| FLEEEEING.
  4709 | D:5      | 4709 ||| FLEEEEING.
  4710 | D:5      | 4710 ||| FLEEEEING.
  4711 | D:5      | 4711 ||| FLEEEEING.
  4715 | D:5      | 4715 ||| FLEEEEING.
  4716 | D:5      | 4716 ||| FLEEEEING.
  4717 | D:5      | 4717 ||| FLEEEEING.
  4718 | D:5      | 4718 ||| FLEEEEING.
  4719 | D:5      | 4719 ||| FLEEEEING.
  4720 | D:5      | 4720 ||| STAIRDANCE
  4867 | D:4      | 4867 ||| UPGRADING to +0 pair of gloves.
  4872 | D:4      | 4872 ||| READING scroll of enchant armour.
  4872 | D:4      | 4872 ||| ENCHANTING +0 pair of gloves.
  4873 | D:4      | 4873 ||| DRINKING 2 amethyst potions.
  4874 | D:4      | 4874 ||| READING 3 scrolls of identify.
  4874 | D:4      | 4874 ||| IDENTIFYING black potion
  4875 | D:4      | 4875 ||| READING 2 scrolls of identify.
  4875 | D:4      | 4875 ||| IDENTIFYING ruby potion
  4876 | D:4      | 4876 ||| DROPPING potion of brilliance.
  4877 | D:4      | 4877 ||| DROPPING potion of invisibility.
  4897 | D:5      | 4897 ||| DROPPING +0 whip.
  5235 | D:5      | Found a sparkling altar of Nemelex Xobeh.
  5326 | D:5      | 5326 ||| Stepping ~*~*~tactically~*~*~ (stealth).
  5336 | D:5      | Reached skill level 7 in Axes
  5348 | D:5      | 5348 ||| READING scroll labelled TYONOGAIWN.
  5367 | D:6      | Found an iron altar of Okawaru.
  5368 | D:6      | 5368 ||| PLANNING OKAWARU WORSHIP
  5368 | D:6      | 5368 ||| FLEEEEING.
  5369 | D:6      | 5369 ||| STAIRDANCE
  5374 | D:6      | 5374 ||| STAIRDANCE
  5385 | D:6      | Became a worshipper of Warmaster Okawaru
  5386 | D:6      | 5386 ||| PLANNING D:1-11
  5412 | D:6      | 5412 ||| DROPPING +0 mace of draining.
  5482 | D:6      | 5482 ||| Stepping ~*~*~tactically~*~*~ (hiding).
  5515 | D:6      | Found a blossoming altar of Fedhas.
  5518 | D:6      | 5518 ||| Stepping ~*~*~tactically~*~*~ (hiding).
  5545 | D:6      | 5545 ||| Stepping ~*~*~tactically~*~*~ (hiding).
  5797 | D:6      | Reached XP level 8. HP: 49/49 MP: 8/8
  5803 | D:6      | Found a glowing golden altar of the Shining One.
  5813 | D:6      | 5813 ||| Stepping ~*~*~tactically~*~*~ (hiding).
  5814 | D:6      | 5814 ||| Stepping ~*~*~tactically~*~*~ (hiding).
  6023 | D:6      | Found a white marble altar of Elyvilon.
  6035 | D:6      | Reached skill level 1 in Throwing
  6046 | D:6      | 6046 ||| READING scroll of enchant weapon.
  6046 | D:6      | 6046 ||| ENCHANTING +3 war axe.
  6051 | D:6      | 6051 ||| Stepping ~*~*~tactically~*~*~ (hiding).
  6156 | D:6      | Found a sacrificial altar of Ru.
  6288 | D:6      | 6288 ||| READING scroll labelled YFITUS UZEZOOJ.
  6289 | D:6      | 6289 ||| READING 4 scrolls of identify.
  6289 | D:6      | 6289 ||| IDENTIFYING glowing coppery potion
  6290 | D:6      | 6290 ||| READING 3 scrolls of identify.
  6290 | D:6      | 6290 ||| IDENTIFYING murky green potion
  6498 | D:7      | Reached skill level 8 in Axes
  6503 | D:7      | Reached * piety under Okawaru
  6570 | D:7      | Found a snail-covered altar of Cheibriados.
  6584 | D:7      | 6584 ||| Stepping ~*~*~tactically~*~*~ (stealth).
  6585 | D:7      | 6585 ||| Stepping ~*~*~tactically~*~*~ (stealth).
  6597 | D:7      | Reached skill level 1 in Invocations
  6654 | D:7      | Noticed a wyvern
  6657 | D:7      | Killed a wyvern
  6658 | D:7      | Reached skill level 6 in Fighting
  6701 | D:7      | 6701 ||| READING 2 scrolls of enchant weapon.
  6701 | D:7      | 6701 ||| ENCHANTING +4 war axe.
  6702 | D:7      | 6702 ||| READING scroll of enchant weapon.
  6702 | D:7      | 6702 ||| ENCHANTING +5 war axe.
  6709 | D:7      | 6709 ||| Stepping ~*~*~tactically~*~*~ (hiding).
  6786 | D:7      | 6786 ||| INVOKING Heroism.
  6793 | D:7      | HP: 10/51 [steam dragon (5)]
  6794 | D:7      | 6794 ||| READING scroll of teleportation.
  6795 | D:7      | 6795 ||| DRINKING 3 potions of heal wounds.
  6797 | D:7      | Reached skill level 3 in Invocations
  6931 | D:7      | 6931 ||| DRINKING 2 potions of curing.
  6931 | D:7      | 6931 ||| (to cure confusion)
  6933 | D:7      | 6933 ||| DRINKING potion of curing.
  6933 | D:7      | 6933 ||| (to cure confusion)
  6937 | D:7      | Reached XP level 9. HP: 55/55 MP: 11/11
  6949 | D:7      | 6949 ||| Stepping ~*~*~tactically~*~*~ (stealth).
  6950 | D:7      | 6950 ||| Stepping ~*~*~tactically~*~*~ (stealth).
  7045 | D:7      | 7045 ||| READING scroll of enchant armour.
  7045 | D:7      | 7045 ||| ENCHANTING +1 pair of gloves.
  7244 | D:7      | 7244 ||| Stepping ~*~*~tactically~*~*~ (stealth).
  7247 | D:7      | 7247 ||| INVOKING Heroism.
  7443 | D:7      | 7443 ||| READING scroll labelled COICWAIPYG.
  7444 | D:7      | 7444 ||| READING scroll labelled PEUSUA DEIL.
  7469 | D:8      | 7469 ||| STAIRDANCE
  7471 | D:7      | 7471 ||| INVOKING Heroism.
  7497 | D:8      | 7497 ||| STAIRDANCE
  7499 | D:7      | 7499 ||| INVOKING Heroism.
  7503 | D:7      | Reached ** piety under Okawaru
  7525 | D:7      | 7525 ||| UPGRADING to +0 plate armour.
  7535 | D:7      | 7535 ||| DROPPING +0 chain mail.
  7539 | D:8      | 7539 ||| INVOKING Heroism.
  7579 | D:8      | 7579 ||| INVOKING Heroism.
  7706 | D:8      | Noticed a two-headed ogre
  7709 | D:8      | Noticed an eight-headed hydra
  7711 | D:8      | Noticed an oklob plant
  7714 | D:8      | Noticed qw's ghost (novice GrFi)
  7720 | D:8      | Found a transporter.
  7792 | D:8      | Noticed an oklob plant
  7949 | D:8      | 7949 ||| Stepping ~*~*~tactically~*~*~ (hiding).
  7952 | D:8      | 7952 ||| INVOKING Heroism.
  7954 | D:8      | 7954 ||| Stepping ~*~*~tactically~*~*~ (hiding).
  7955 | D:8      | 7955 ||| Stepping ~*~*~tactically~*~*~ (hiding).
  7965 | D:8      | Reached skill level 9 in Axes
  8014 | D:8      | 8014 ||| DROPPING +0 vorpal flail.
  8039 | D:8      | Found a transporter.
  8125 | D:8      | 8125 ||| Stepping ~*~*~tactically~*~*~ (hiding).
  8143 | D:8      | 8143 ||| INVOKING Heroism.
  8161 | D:8      | Reached skill level 6 in Armour
  8164 | D:8      | 8164 ||| INVOKING Heroism.
  8417 | D:8      | 8417 ||| UPGRADING to ring of protection from fire.
  8419 | D:8      | 8419 ||| DRINKING 2 dark potions.
  8520 | D:8      | 8520 ||| DROPPING potion of ambrosia.
  8551 | D:9      | 8551 ||| STAIRDANCE
  8558 | D:9      | 8558 ||| STAIRDANCE
  8581 | D:9      | 8581 ||| Stepping ~*~*~tactically~*~*~ (stealth).
  8587 | D:9      | 8587 ||| INVOKING Heroism.
  8592 | D:9      | Reached XP level 10. HP: 63/63 MP: 10/13
  8612 | D:9      | Reached *** piety under Okawaru
  8706 | D:9      | Found a basalt altar of Yredelemnul.
  8781 | D:9      | 8781 ||| INVOKING Heroism.
  8795 | D:9      | Reached skill level 10 in Axes
  8876 | D:9      | 8876 ||| Stepping ~*~*~tactically~*~*~ (stealth).
  8878 | D:9      | 8878 ||| Stepping ~*~*~tactically~*~*~ (stealth).
  8887 | D:9      | 8887 ||| Stepping ~*~*~tactically~*~*~ (stealth).
  8889 | D:9      | 8889 ||| INVOKING Heroism.
  8892 | D:9      | 8892 ||| Stepping ~*~*~tactically~*~*~ (stealth).
  8929 | D:9      | 8929 ||| Stepping ~*~*~tactically~*~*~ (stealth).
  8934 | D:9      | 8934 ||| Stepping ~*~*~tactically~*~*~ (stealth).
  8947 | D:9      | 8947 ||| INVOKING Heroism.
  9241 | D:9      | Identified the +3 scale mail "Ifusui Akues" {Str+4 Stlth+}
  9627 | D:9      | Found a bloodstained altar of Trog.
  9653 | D:9      | 9653 ||| Stepping ~*~*~tactically~*~*~ (hiding).
  9655 | D:9      | 9655 ||| Stepping ~*~*~tactically~*~*~ (hiding).
  9656 | D:9      | 9656 ||| Stepping ~*~*~tactically~*~*~ (hiding).
  9741 | D:9      | Found a shimmering altar of Xom.
  9745 | D:9      | Noticed a boulder beetle
  9746 | D:9      | 9746 ||| INVOKING Heroism.
  9763 | D:9      | 9763 ||| INVOKING Heroism.
  9778 | D:9      | Killed a boulder beetle
  9778 | D:9      | Reached **** piety under Okawaru
 10028 | D:9      | 10028 ||| UPGRADING to +0 plate armour of willpower.
 10038 | D:9      | 10038 ||| DROPPING +0 plate armour.
 10039 | D:9      | 10039 ||| READING 7 scrolls of identify.
 10039 | D:9      | 10039 ||| IDENTIFYING fuming golden potion
 10105 | D:10     | Entered Level 10 of the Dungeon
 10106 | D:10     | 10106 ||| INVOKING Heroism.
 10163 | D:10     | Found a runed translucent gate.
 10164 | D:10     | Found a runed translucent gate.
 10165 | D:10     | Found a runed translucent gate.
 10176 | D:10     | Noticed Arctirus's ghost (journeyman OpHW)
 10185 | D:10     | Noticed Josephine
 10186 | D:10     | 10186 ||| INVOKING Heroism.
 10193 | D:10     | Reached skill level 11 in Axes
 10201 | D:10     | 10201 ||| READING scroll of teleportation.
 10201 | D:10     | HP: 10/64 [wraith[Josephine] (7)]
 10202 | D:10     | 10202 ||| DRINKING 3 potions of heal wounds.
 10356 | D:10     | 10356 ||| INVOKING Heroism.
 10566 | D:10     | Found a burning altar of Makhleb.
 10710 | D:10     | 10710 ||| Stepping ~*~*~tactically~*~*~ (stealth).
 10712 | D:10     | 10712 ||| Stepping ~*~*~tactically~*~*~ (stealth).
 10714 | D:10     | 10714 ||| INVOKING Heroism.
 10715 | D:10     | 10715 ||| Stepping ~*~*~tactically~*~*~ (stealth).
 10758 | D:10     | Noticed a two-headed ogre
 10759 | D:10     | 10759 ||| INVOKING Heroism.
 10769 | D:10     | Killed a two-headed ogre
 10770 | D:10     | Reached skill level 6 in Invocations
 10770 | D:10     | Reached XP level 11. HP: 55/68 MP: 12/15
 10837 | D:10     | Found a staircase to the Orcish Mines.
 10859 | D:10     | 10859 ||| Stepping ~*~*~tactically~*~*~ (stealth).
 10867 | D:10     | Killed Josephine
 10867 | D:10     | Reached ***** piety under Okawaru
 10900 | D:10     | 10900 ||| FLEEEEING.
 10901 | D:10     | 10901 ||| FLEEEEING.
 10902 | D:10     | 10902 ||| FLEEEEING.
 10903 | D:10     | 10903 ||| FLEEEEING.
 10904 | D:10     | 10904 ||| FLEEEEING.
 10905 | D:10     | 10905 ||| FLEEEEING.
 10906 | D:10     | 10906 ||| FLEEEEING.
 10907 | D:10     | 10907 ||| FLEEEEING.
 10908 | D:10     | 10908 ||| FLEEEEING.
 10911 | D:10     | 10911 ||| FLEEEEING.
 10912 | D:10     | 10912 ||| FLEEEEING.
 10913 | D:10     | 10913 ||| FLEEEEING.
 10914 | D:10     | 10914 ||| FLEEEEING.
 10915 | D:10     | 10915 ||| FLEEEEING.
 10916 | D:10     | 10916 ||| FLEEEEING.
 10917 | D:10     | 10917 ||| STAIRDANCE
 10949 | D:9      | 10949 ||| DROPPING amulet of magic regeneration.
 10972 | D:10     | 10972 ||| READING scroll of enchant armour.
 10972 | D:10     | 10972 ||| ENCHANTING +0 plate armour of willpower.
 11309 | D:11     | 11309 ||| Stepping ~*~*~tactically~*~*~ (stealth).
 11328 | D:11     | 11328 ||| FLEEEEING.
 11329 | D:11     | 11329 ||| FLEEEEING.
 11336 | D:11     | 11336 ||| FLEEEEING.
 11341 | D:11     | 11341 ||| STAIRDANCE
 11459 | D:11     | 11459 ||| Stepping ~*~*~tactically~*~*~ (hiding).
 11460 | D:11     | 11460 ||| Stepping ~*~*~tactically~*~*~ (hiding).
 11590 | D:11     | 11590 ||| FLEEEEING.
 11591 | D:11     | 11591 ||| FLEEEEING.
 11592 | D:11     | 11592 ||| FLEEEEING.
 11593 | D:11     | 11593 ||| FLEEEEING.
 11594 | D:11     | 11594 ||| FLEEEEING.
 11600 | D:11     | 11600 ||| FLEEEEING.
 11601 | D:11     | 11601 ||| FLEEEEING.
 11603 | D:11     | 11603 ||| FLEEEEING.
 11604 | D:11     | 11604 ||| FLEEEEING.
 11605 | D:11     | 11605 ||| FLEEEEING.
 11606 | D:11     | 11606 ||| FLEEEEING.
 11607 | D:11     | 11607 ||| FLEEEEING.
 11608 | D:11     | 11608 ||| FLEEEEING.
 11609 | D:11     | 11609 ||| FLEEEEING.
 11610 | D:11     | 11610 ||| Stepping ~*~*~tactically~*~*~ (hiding).
 11618 | D:11     | 11618 ||| INVOKING Heroism.
 11621 | D:11     | Noticed a purple ugly thing
 11640 | D:11     | Killed a purple ugly thing
 11641 | D:11     | Reached skill level 9 in Fighting
 11731 | D:11     | Noticed a two-headed ogre
 11732 | D:11     | 11732 ||| FLEEEEING.
 11733 | D:11     | 11733 ||| FLEEEEING.
 11734 | D:11     | 11734 ||| FLEEEEING.
 11735 | D:11     | 11735 ||| FLEEEEING.
 11736 | D:11     | 11736 ||| FLEEEEING.
 11737 | D:11     | 11737 ||| FLEEEEING.
 11738 | D:11     | 11738 ||| FLEEEEING.
 11739 | D:11     | 11739 ||| FLEEEEING.
 11740 | D:11     | 11740 ||| FLEEEEING.
 11741 | D:11     | 11741 ||| FLEEEEING.
 11742 | D:11     | 11742 ||| FLEEEEING.
 11746 | D:11     | 11746 ||| FLEEEEING.
 11747 | D:11     | 11747 ||| STAIRDANCE
 11843 | D:11     | 11843 ||| INVOKING Heroism.
 11850 | D:11     | 11850 ||| STAIRDANCE
 11855 | D:10     | Killed a two-headed ogre
 11855 | D:10     | Identified the +9 broad axe of Painful Death {freeze,
                  | Contam rN+ Will+} (Okawaru gifted it to you on level 10 of
                  | the Dungeon)
 11855 | D:10     | Received a gift from Okawaru
 12005 | D:10     | 12005 ||| SWAPPING to +9 broad axe of Painful Death
                  | {freeze, Contam rN+ Will+}.
 12006 | D:10     | 12006 ||| DROPPING +6 war axe.
 12172 | D:11     | 12172 ||| Stepping ~*~*~tactically~*~*~ (stealth).
 12211 | D:11     | 12211 ||| Stepping ~*~*~tactically~*~*~ (stealth).
 12241 | D:11     | 12241 ||| Stepping ~*~*~tactically~*~*~ (stealth).
 12261 | D:11     | 12261 ||| INVOKING Heroism.
 12263 | D:11     | 12263 ||| Stepping ~*~*~tactically~*~*~ (stealth).
 12269 | D:11     | 12269 ||| Stepping ~*~*~tactically~*~*~ (stealth).
 12270 | D:11     | 12270 ||| Stepping ~*~*~tactically~*~*~ (stealth).
 12718 | D:11     | Found a staircase to the Lair.
 12867 | D:11     | 12867 ||| PLANNING LAIR
 12867 | D:11     | 12867 ||| UPGRADING to +4 ring of evasion.
 12869 | D:11     | 12869 ||| READING scroll labelled ZEAZXI MICUXT.
 12910 | Lair:1   | Entered Level 1 of the Lair of Beasts
 12924 | Lair:1   | Noticed Amaemon
 12925 | Lair:1   | 12925 ||| INVOKING Heroism.
 12935 | Lair:1   | Reached skill level 9 in Invocations
 12949 | Lair:1   | Killed Amaemon
 13052 | Lair:1   | 13052 ||| DROPPING +3 morningstar of freezing.
 13164 | Lair:1   | 13164 ||| INVOKING Heroism.
 13169 | Lair:1   | Reached XP level 12. HP: 76/76 MP: 16/19
 13292 | Lair:1   | 13292 ||| INVOKING Heroism.
 13304 | Lair:1   | Reached skill level 12 in Axes
 13433 | Lair:1   | 13433 ||| Stepping ~*~*~tactically~*~*~ (stealth).
 13435 | Lair:1   | 13435 ||| Stepping ~*~*~tactically~*~*~ (stealth).
 13437 | Lair:1   | 13437 ||| Stepping ~*~*~tactically~*~*~ (hiding).
 13448 | Lair:1   | 13448 ||| Stepping ~*~*~tactically~*~*~ (stealth).
 13455 | Lair:1   | 13455 ||| Stepping ~*~*~tactically~*~*~ (stealth).
 13456 | Lair:1   | 13456 ||| Stepping ~*~*~tactically~*~*~ (stealth).
 13457 | Lair:1   | Received a gift from Okawaru
 13458 | Lair:1   | 13458 ||| Stepping ~*~*~tactically~*~*~ (stealth).
 13461 | Lair:1   | Reached skill level 3 in Throwing
 13472 | Lair:1   | Reached skill level 6 in Shields
 14290 | Lair:2   | 14290 ||| INVOKING Heroism.
 14342 | Lair:2   | 14342 ||| INVOKING Heroism.
 14482 | Lair:2   | Noticed Fannar
 14500 | Lair:2   | Killed Fannar
 14712 | Lair:2   | Noticed Erica
 14713 | Lair:2   | 14713 ||| Stepping ~*~*~tactically~*~*~ (hiding).
 14714 | Lair:2   | 14714 ||| Stepping ~*~*~tactically~*~*~ (hiding).
 14715 | Lair:2   | 14715 ||| Stepping ~*~*~tactically~*~*~ (hiding).
 14718 | Lair:2   | 14718 ||| INVOKING Heroism.
 14719 | Lair:2   | 14719 ||| INVOKING Finesse.
 14722 | Lair:2   | Killed Erica
 14736 | Lair:2   | 14736 ||| Stepping ~*~*~tactically~*~*~ (stealth).
 14737 | Lair:2   | 14737 ||| Stepping ~*~*~tactically~*~*~ (stealth).
 14746 | Lair:2   | 14746 ||| Stepping ~*~*~tactically~*~*~ (stealth).
 14760 | Lair:2   | 14760 ||| Stepping ~*~*~tactically~*~*~ (stealth).
 14761 | Lair:2   | 14761 ||| Stepping ~*~*~tactically~*~*~ (stealth).
 14762 | Lair:2   | 14762 ||| Stepping ~*~*~tactically~*~*~ (stealth).
 14763 | Lair:2   | 14763 ||| Stepping ~*~*~tactically~*~*~ (stealth).
 14816 | Lair:2   | 14816 ||| Stepping ~*~*~tactically~*~*~ (stealth).
 14817 | Lair:2   | 14817 ||| Stepping ~*~*~tactically~*~*~ (stealth).
 14827 | Lair:2   | Reached skill level 13 in Axes
 14948 | Lair:2   | 14948 ||| Stepping ~*~*~tactically~*~*~ (stealth).
 15256 | Lair:2   | Found a staircase to the Shoals.
 15265 | Lair:2   | 15265 ||| INVOKING Heroism.
 15459 | Lair:2   | 15459 ||| UPGRADING to +0 cloak.
 15585 | Lair:3   | Found a staircase to the Snake Pit.
 15588 | Lair:3   | Noticed Gastronok
 15588 | Lair:3   | Noticed a catoblepas
 15589 | Lair:3   | 15589 ||| INVOKING Heroism.
 15590 | Lair:3   | 15590 ||| INVOKING Finesse.
 15608 | Lair:3   | Killed a catoblepas
 15609 | Lair:3   | Reached skill level 9 in Armour
 15610 | Lair:3   | HP: 13/77 [Gastronok/the air (10)]
 15611 | Lair:3   | 15611 ||| READING 4 scrolls of teleportation.
 15612 | Lair:3   | 15612 ||| DRINKING 2 potions of heal wounds.
 15727 | Lair:3   | 15727 ||| FLEEEEING.
 15730 | Lair:3   | 15730 ||| STAIRDANCE
 15805 | Lair:3   | 15805 ||| INVOKING Heroism.
 15816 | Lair:3   | Killed Gastronok
 15816 | Lair:3   | Received a gift from Okawaru
 15817 | Lair:3   | Reached XP level 13. HP: 82/82 MP: 18/20
 15934 | Lair:3   | Noticed Urug
 15935 | Lair:3   | 15935 ||| INVOKING Heroism.
 15936 | Lair:3   | 15936 ||| INVOKING Finesse.
 15940 | Lair:3   | Killed Urug
 16048 | Lair:3   | 16048 ||| Stepping ~*~*~tactically~*~*~ (stealth).
 16066 | Lair:3   | 16066 ||| INVOKING Heroism.
 16075 | Lair:3   | Received a gift from Okawaru
 16164 | Lair:3   | 16164 ||| Stepping ~*~*~tactically~*~*~ (stealth).
 16169 | Lair:3   | 16169 ||| Stepping ~*~*~tactically~*~*~ (stealth).
 16174 | Lair:3   | 16174 ||| Stepping ~*~*~tactically~*~*~ (stealth).
 16469 | Lair:3   | 16469 ||| READING scroll labelled SUUDIU PIAWE.
 16470 | Lair:3   | 16470 ||| READING scroll labelled PIUNAS JEXI.
 16592 | Lair:4   | 16592 ||| Stepping ~*~*~tactically~*~*~ (stealth).
 16593 | Lair:4   | 16593 ||| INVOKING Heroism.
 16639 | Lair:4   | 16639 ||| INVOKING Heroism.
 16660 | Lair:4   | Received a gift from Okawaru
 16728 | Lair:4   | 16728 ||| INVOKING Heroism.
 16729 | Lair:4   | 16729 ||| INVOKING Finesse.
 16736 | Lair:4   | 16736 ||| Stepping ~*~*~tactically~*~*~ (stealth).
 16749 | Lair:4   | 16749 ||| Stepping ~*~*~tactically~*~*~ (stealth).
 16757 | Lair:4   | 16757 ||| INVOKING Finesse.
 16761 | Lair:4   | Reached skill level 14 in Axes
 16767 | Lair:4   | 16767 ||| INVOKING Heroism.
 16988 | Lair:4   | 16988 ||| INVOKING Heroism.
 16997 | Lair:4   | Received a gift from Okawaru
 17040 | Lair:4   | Identified the +0 dagger of a bazaar {drain, Dex+2}
 17047 | Lair:4   | Found a staircase to the Slime Pits.
 17048 | Lair:4   | 17048 ||| FLEEEEING.
 17096 | Lair:4   | 17096 ||| Stepping ~*~*~tactically~*~*~ (hiding).
 17277 | Lair:4   | 17277 ||| INVOKING Heroism.
 17282 | Lair:4   | Received a gift from Okawaru
 17512 | Lair:4   | 17512 ||| INVOKING Heroism.
 17513 | Lair:4   | 17513 ||| INVOKING Finesse.
 17554 | Lair:4   | Found a viscous altar of Jiyva.
 17555 | Lair:4   | 17555 ||| INVOKING Finesse.
 17587 | Lair:4   | 17587 ||| INVOKING Heroism.
 17885 | Lair:4   | 17885 ||| UPGRADING to scarf of repulsion.
 17918 | Lair:5   | Entered Level 5 of the Lair of Beasts
 17919 | Lair:5   | 17919 ||| STAIRDANCE
 17952 | Lair:5   | 17952 ||| STAIRDANCE
 17954 | Lair:4   | 17954 ||| INVOKING Heroism.
 17955 | Lair:4   | 17955 ||| INVOKING Finesse.
 17960 | Lair:4   | Reached skill level 6 in Throwing
 18171 | Lair:5   | 18171 ||| INVOKING Heroism.
 18202 | Lair:5   | 18202 ||| INVOKING Heroism.
 18203 | Lair:5   | 18203 ||| INVOKING Finesse.
 18216 | Lair:5   | Gained mutation: Your large and strong wings let you fly.
                  | [Gargoyle growth]
 18216 | Lair:5   | Reached XP level 14. HP: 81/90 MP: 14/21
 18306 | Lair:5   | 18306 ||| INVOKING Heroism.
 18307 | Lair:5   | 18307 ||| INVOKING Finesse.
 18326 | Lair:5   | 18326 ||| SWAPPING to -1 demon whip of venom.
 18327 | Lair:5   | 18327 ||| Stepping ~*~*~tactically~*~*~ (outnumbered).
 18328 | Lair:5   | 18328 ||| Stepping ~*~*~tactically~*~*~ (outnumbered).
 18329 | Lair:5   | 18329 ||| Stepping ~*~*~tactically~*~*~ (outnumbered).
 18336 | Lair:5   | 18336 ||| Stepping ~*~*~tactically~*~*~ (outnumbered).
 18353 | Lair:5   | 18353 ||| SWAPPING to +9 broad axe of Painful Death
                  | {freeze, Contam rN+ Will+}.
 18367 | Lair:5   | Gained mutation: Your spells are a little easier to cast,
                  | but a little less powerful. [mutagenic glow]
 18500 | Lair:5   | 18500 ||| INVOKING Heroism.
 18579 | Lair:5   | Reached skill level 15 in Axes
 18634 | Lair:5   | 18634 ||| Stepping ~*~*~tactically~*~*~ (stealth).
 18646 | Lair:5   | 18646 ||| Stepping ~*~*~tactically~*~*~ (stealth).
 18657 | Lair:5   | 18657 ||| INVOKING Heroism.
 18677 | Lair:5   | 18677 ||| INVOKING Finesse.
 18706 | Lair:5   | 18706 ||| Stepping ~*~*~tactically~*~*~ (stealth).
 18707 | Lair:5   | 18707 ||| Stepping ~*~*~tactically~*~*~ (stealth).
 18726 | Lair:5   | 18726 ||| Stepping ~*~*~tactically~*~*~ (stealth).
 18734 | Lair:5   | 18734 ||| Stepping ~*~*~tactically~*~*~ (stealth).
 18736 | Lair:5   | 18736 ||| INVOKING Heroism.
 18790 | Lair:5   | 18790 ||| INVOKING Heroism.
 18818 | Lair:5   | Reached skill level 12 in Fighting
 18831 | Lair:5   | 18831 ||| INVOKING Heroism.
 18838 | Lair:5   | 18838 ||| INVOKING Finesse.
 18896 | Lair:5   | 18896 ||| Stepping ~*~*~tactically~*~*~ (stealth).
 18921 | Lair:5   | 18921 ||| INVOKING Heroism.
 19008 | Lair:5   | 19008 ||| Stepping ~*~*~tactically~*~*~ (stealth).
 19079 | Lair:5   | 19079 ||| INVOKING Heroism.
 19128 | Lair:5   | 19128 ||| INVOKING Heroism.
 19279 | Lair:5   | 19279 ||| INVOKING Heroism.
 19280 | Lair:5   | 19280 ||| INVOKING Finesse.
 19282 | Lair:5   | 19282 ||| SWAPPING to -1 demon whip of venom.
 19288 | Lair:5   | 19288 ||| SWAPPING to +9 broad axe of Painful Death
                  | {freeze, Contam rN+ Will+}.
 19310 | Lair:5   | Gained mutation: Your body sometimes deteriorates upon
                  | taking damage. [mutagenic glow]
 19340 | Lair:5   | 19340 ||| INVOKING Finesse.
 19342 | Lair:5   | 19342 ||| INVOKING Heroism.
 19343 | Lair:5   | 19343 ||| SWAPPING to -1 demon whip of venom.
 19345 | Lair:5   | 19345 ||| SWAPPING to +9 broad axe of Painful Death
                  | {freeze, Contam rN+ Will+}.
 19379 | Lair:5   | Gained mutation: You are dopey. (Int -2) [mutagenic glow]
 19769 | Lair:5   | 19769 ||| PLANNING D
 19769 | Lair:5   | 19769 ||| UPGRADING to +2 buckler.
 19779 | Lair:5   | 19779 ||| DROPPING +0 buckler.
 19780 | Lair:5   | 19780 ||| READING scroll labelled YNLOSHR QIMPUCH.
 19780 | Lair:5   | Identified a scroll of acquirement
 19780 | Lair:5   | 19780 ||| ACQUIRING 632 gold pieces
 19780 | Lair:5   | Acquired 632 gold pieces
 19913 | D:12     | 19913 ||| Stepping ~*~*~tactically~*~*~ (hiding).
 19914 | D:12     | 19914 ||| INVOKING Heroism.
 19915 | D:12     | 19915 ||| Stepping ~*~*~tactically~*~*~ (hiding).
 19923 | D:12     | Received a gift from Okawaru
 20054 | D:12     | 20054 ||| FLEEEEING.
 20056 | D:12     | 20056 ||| FLEEEEING.
 20057 | D:12     | 20057 ||| FLEEEEING.
 20058 | D:12     | 20058 ||| FLEEEEING.
 20060 | D:12     | 20060 ||| INVOKING Heroism.
 20061 | D:12     | 20061 ||| INVOKING Finesse.
 20062 | D:12     | 20062 ||| FLEEEEING.
 20194 | D:12     | 20194 ||| FLEEEEING.
 20195 | D:12     | 20195 ||| FLEEEEING.
 20196 | D:12     | 20196 ||| FLEEEEING.
 20210 | D:12     | 20210 ||| FLEEEEING.
 20211 | D:12     | 20211 ||| FLEEEEING.
 20212 | D:12     | 20212 ||| FLEEEEING.
 20213 | D:12     | 20213 ||| STAIRDANCE
 20287 | D:12     | 20287 ||| STAIRDANCE
 20521 | D:12     | 20521 ||| INVOKING Heroism.
 20532 | D:12     | Reached skill level 16 in Axes
 20619 | D:12     | 20619 ||| Stepping ~*~*~tactically~*~*~ (hiding).
 20628 | D:12     | 20628 ||| Stepping ~*~*~tactically~*~*~ (hiding).
 20663 | D:12     | 20663 ||| Stepping ~*~*~tactically~*~*~ (stealth).
 21237 | D:13     | 21237 ||| Stepping ~*~*~tactically~*~*~ (stealth).
 21238 | D:13     | 21238 ||| Stepping ~*~*~tactically~*~*~ (stealth).
 21253 | D:13     | 21253 ||| Stepping ~*~*~tactically~*~*~ (hiding).
 21255 | D:13     | 21255 ||| Stepping ~*~*~tactically~*~*~ (hiding).
 21256 | D:13     | 21256 ||| INVOKING Heroism.
 21257 | D:13     | 21257 ||| Stepping ~*~*~tactically~*~*~ (hiding).
 21261 | D:13     | Received a gift from Okawaru
 21267 | D:13     | Reached skill level 3 in Dodging
 21298 | D:13     | 21298 ||| INVOKING Heroism.
 21299 | D:13     | 21299 ||| Stepping ~*~*~tactically~*~*~ (stealth).
 21304 | D:13     | 21304 ||| Stepping ~*~*~tactically~*~*~ (stealth).
 21312 | D:13     | 21312 ||| READING 5 scrolls of teleportation.
 21335 | D:13     | 21335 ||| Stepping ~*~*~tactically~*~*~ (stealth).
 21336 | D:13     | 21336 ||| Stepping ~*~*~tactically~*~*~ (stealth).
 21344 | D:13     | 21344 ||| Stepping ~*~*~tactically~*~*~ (stealth).
 21348 | D:13     | 21348 ||| Stepping ~*~*~tactically~*~*~ (stealth).
 21377 | D:13     | 21377 ||| Stepping ~*~*~tactically~*~*~ (stealth).
 21379 | D:13     | 21379 ||| Stepping ~*~*~tactically~*~*~ (stealth).
 21381 | D:13     | 21381 ||| Stepping ~*~*~tactically~*~*~ (stealth).
 21382 | D:13     | 21382 ||| Stepping ~*~*~tactically~*~*~ (stealth).
 21631 | D:13     | 21631 ||| INVOKING Heroism.
 21634 | D:13     | 21634 ||| Stepping ~*~*~tactically~*~*~ (stealth).
 21648 | D:13     | Reached XP level 15. HP: 67/96 MP: 22/22
 21913 | D:13     | 21913 ||| Stepping ~*~*~tactically~*~*~ (stealth).
 21917 | D:13     | 21917 ||| Stepping ~*~*~tactically~*~*~ (stealth).
 22175 | D:13     | 22175 ||| UPGRADING to +0 pair of boots.
 22211 | D:14     | 22211 ||| Stepping ~*~*~tactically~*~*~ (stealth).
 22212 | D:14     | 22212 ||| Stepping ~*~*~tactically~*~*~ (stealth).
 22214 | D:14     | 22214 ||| Stepping ~*~*~tactically~*~*~ (stealth).
 22221 | D:14     | 22221 ||| INVOKING Heroism.
 22346 | D:14     | Found a gate to the Vaults.
 22347 | D:14     | 22347 ||| INVOKING Heroism.
 22353 | D:14     | Identified the +9 quarterstaff of Cemampul {vamp, +Blink
                  | Will- Str+3} (Okawaru gifted it to you on level 14 of the
                  | Dungeon)
 22353 | D:14     | Received a gift from Okawaru
 22380 | D:14     | HP: 15/96 [vault guard/+0 glaive (14)]
 22381 | D:14     | 22381 ||| READING 4 scrolls of teleportation.
 22381 | D:14     | HP: 7/96 [vault guard/+0 glaive (8)]
 22381 | D:14     | Slain by a death knight

Levels and vault maps discovered:
D:1:      scummos_arrival_star, layout_loops_ring,
          shapermc_ecumenical_altar_petra, serial_bayou_lagoon_a
D:2:      layout_rooms, serial_bayou_lagoon_b
D:3:      layout_rooms, palyth_temple_overflow_mages,
          nicolae_dithmenos_through_a_glass_darkly, uniq_jessica,
          uniq_crazy_yiuf_cottage
D:4:      layout_gridville, nicolae_gozag_seed_capital,
          minmay_temple_entry_poolview
D:5:      layout_basic, nemelex_spade_bored_becter,
          chequers_serial_rivers_small_3, skrybe_limestone_x
D:6:      layout_rooms, okawaru_metal_pillars_1_2,
          nicolae_ru_the_path_less_chosen, fedhas_bush_and_centaur_altar,
          tso_metal_star, elyvilon_altar_1
D:7:      layout_loops_corners, cheibriados_altar_1
D:8:      layout_loops_ring, nzn_ghost_randoct, minmay_misc_feat_plants
D:9:      layout_basic, xom_teletrap_fun, lemuel_zombie_altar_yredelemnul,
          mainiacjoe_overflow_alcove_2
D:10:     layout_gridville, mainiacjoe_overflow_brackets, david_orc_2,
          gammafunk_ghost_spectres, uniq_josephine
D:11:     layout_stronghold, due_lair_maze_entry_diamond, minivault_7
D:12:     nicolae_cairo_tiling, layout_irregular_city, serial_co_window_serial,
          co_window_paths_b, co_window_paths_a, co_window_of_opportunity_a,
          co_window_corner_a, co_window_paths_a, co_window_paths_b,
          co_window_paths_c, co_window_of_opportunity_b,
          co_window_of_opportunity_b, co_window_corner_ca,
          co_window_of_opportunity_b, co_window_corner_cb, glass_columns_c
D:13:     layout_cave_pools
D:14:     layout_loops_ring, lightli_vaults_fourway_checkpoint
Temple:   hellmonk_temple_beads
Lair:1:   layout_cave_pods, uniq_amaemon
Lair:2:   layout_regular_city, minmay_shoals_entry_hut, wad_woods_river_01,
          lemuel_fruit_fields, infiniplex_staircase_pool, uniq_erica,
          uniq_fannar
Lair:3:   layout_gridlike, guppyfry_snake_entry_island,
          dreamdust_mushroom_princess, grunt_forest_stairs_clearing,
          lemuel_fruit_tree, uniq_urug, uniq_gastronok
Lair:4:   layout_gridlike, minmay_slime_entry_oklob_open, serial_rivers,
          chequers_serial_rivers_micro_b, chequers_serial_rivers_large_a,
          chequers_serial_rivers_micro_b, chequers_serial_rivers_micro_a,
          chequers_serial_rivers_marsh, chequers_serial_rivers_micro_a,
          bh_autumn_forest_stairs
Lair:5:   minmay_lair_end_enchanted_forest, layout_big_grid, minivault_26,
          wad_woods_03

Skill      XL: |  1  2  3  4  5  6  7  8  9 10 11 12 13 14 15 |
---------------+----------------------------------------------+-----
Axes           | 2 3 4 5 6 7 8 9 11 13 14 16 | 16.4
Dodging        | 1 2 3 |  3.0
Fighting       | 4 5 6 7 8 9 10 11 12 | 12.0
Throwing       | 1 3 6 7 |  7.0
Invocations    | 3 4 6 9 10 | 10.0
Armour         | 4 6 7 9 10 11 | 11.0
Shields        | 4 5 6 7 8 |  8.0

Action                   |  1- 3 |  4- 6 |  7- 9 | 10-12 | 13-15 || total
-------------------------+-------+-------+-------+-------+-------++-------
Melee: War axe           |   109 |   124 |   200 |   232 |       ||   665
       Broad axe         |       |       |       |   250 |   484 ||   734
       Demon whip        |       |       |       |       |    26 ||    26
Throw: Boomerang         |       |       |    26 |   109 |    29 ||   164
       Javelin           |       |       |       |     8 |   127 ||   135
Invok: Heroism           |       |       |    10 |    22 |    32 ||    64
       Finesse           |       |       |       |     2 |    13 ||    15
  Use: Scroll            |     1 |     9 |    14 |     5 |     5 ||    34
       Potion            |       |     5 |     5 |     2 |       ||    12
 Stab: Petrifying        |       |       |       |     2 |       ||     2
       Petrified         |       |       |       |     2 |       ||     2
Armor: Scale mail        |    53 |    59 |       |       |       ||   112
       Chain mail        |       |    16 |    75 |       |       ||    91
       Plate armour      |       |       |    43 |   234 |   197 ||   474
Dodge: Dodged            |    54 |    62 |    65 |   136 |   177 ||   494
       Repelled          |       |       |       |       |     2 ||     2
Block: Buckler           |    20 |    31 |    37 |    89 |   119 ||   296

Table legend:
 A = Non-vault XP
 B = Vault XP
 C = Vault XP percentage of total XP
 D = Non-vault monster count
 E = Vault monster count
 F = Vault count percentage of total count
                 A         B        C        D         E       F
            +---------+---------+-------+---------+---------+-------
      Total |   69417 |   27380 |  28.3 |     361 |     125 |  25.7
            +---------+---------+-------+---------+---------+-------
        D:1 |      26 |       0 |   0.0 |      15 |       0 |   0.0
        D:2 |      81 |       0 |   0.0 |      24 |       0 |   0.0
        D:3 |      66 |     177 |  72.8 |      13 |       5 |  27.8
        D:4 |     111 |       0 |   0.0 |      22 |       0 |   0.0
        D:5 |     500 |       0 |   0.0 |      19 |       0 |   0.0
        D:6 |     322 |     108 |  25.1 |       9 |       1 |  10.0
        D:7 |    1542 |       0 |   0.0 |      21 |       0 |   0.0
        D:8 |    1638 |       0 |   0.0 |      26 |       0 |   0.0
        D:9 |    3091 |      58 |   1.8 |      33 |       2 |   5.7
       D:10 |    2539 |    1692 |  40.0 |       8 |      12 |  60.0
       D:11 |    1976 |    2640 |  57.2 |      14 |      27 |  65.9
       D:12 |    5753 |       0 |   0.0 |      15 |       0 |   0.0
       D:13 |   10521 |       0 |   0.0 |      28 |       0 |   0.0
       D:14 |    3267 |    4572 |  58.3 |       6 |       8 |  57.1
     Lair:1 |    5412 |    1176 |  17.9 |      20 |       2 |   9.1
     Lair:2 |    4312 |    2880 |  40.0 |      14 |       6 |  30.0
     Lair:3 |    2014 |    3362 |  62.5 |       9 |       9 |  50.0
     Lair:4 |   15123 |    1732 |  10.3 |      31 |       3 |   8.8
     Lair:5 |   11123 |    8983 |  44.7 |      34 |      50 |  59.5
            +---------+---------+-------+---------+---------+-------
